 Dungeon Crawl Stone Soup version 0.26.0-15-gc6cd9f7 (webtiles) character file.

Game seed: 1073265609999081419

7186 vykuza the Fighter (level 10, -7/93 HPs)
             Began as a Minotaur Fighter on Jan 23, 2021.
             Was a High Priest of Okawaru.
             Mangled by an eight-headed hydra (9 damage)
             ... on level 1 of the Lair of Beasts.
             The game lasted 00:28:52 (9070 turns).

vykuza the Fighter (Minotaur Fighter)               Turns: 9070, Time: 00:28:53

Health: -7/93      AC: 25    Str: 30    XL:     10   Next: 87%
Magic:  0/13       EV:  3    Int:  5    God:    Okawaru [*****.]
Gold:   743        SH: 10    Dex: 10    Spells: 9/9 levels left

rFire    + . .     SeeInvis .   m - +1 short sword (drain)
rCold    . . .     Faith    .   c - +0 kite shield
rNeg     . . .     Spirit   +   g - +0 crystal plate armour of the Shining Light {rPois rF+}
rPois    +         Reflect  .   (helmet restricted)
rElec    .         Harm     .   D - +0 cloak
rCorr    .         Rampage  .   (no gloves)
Will     .....                  f - +2 pair of boots
Stlth    ..........             I - amulet of guardian spirit
HPRegen  0.25/turn              n - +6 ring of strength
MPRegen  0.13/turn              d - ring of poison resistance

@: no status effects
A: retaliatory headbutt, horns 2
a: Renounce Religion, Heroism, Finesse


You were on level 1 of the Lair of Beasts.
You worshipped Okawaru.
Okawaru was extremely pleased with you.
You visited 3 branches of the dungeon, and saw 10 of its levels.
You also visited: Ossuary.

You collected 769 gold pieces.
You spent 26 gold pieces at shops.

Inventory:

Hand Weapons
 a - a +0 war axe
 m - a +1 short sword of draining (weapon)
 C - a +0 battleaxe
 F - a cursed -2 long sword
 H - a +1 broad axe
Missiles
 b - 7 javelins
 h - 88 poisoned darts (quivered)
 l - 6 silver javelins
 G - 6 curare-tipped darts
Armour
 c - a +0 kite shield (worn)
 f - a +2 pair of boots (worn)
 g - the +0 crystal plate armour of the Shining Light (worn) {rPois rF+}
   (You found it on level 8 of the Dungeon)

   It protects you from fire.
   It protects you from poison.
 j - a +5 ring mail
 D - a +0 cloak (worn)
Jewellery
 d - a ring of poison resistance (right hand)
 n - a +6 ring of strength (left hand)
 o - an uncursed amulet of reflection
 t - an uncursed amulet of magic regeneration {unknown}
 A - an uncursed ring of stealth
 B - a +6 ring of intelligence
 E - an uncursed ring of stealth
 I - an amulet of guardian spirit (around neck)
 L - an uncursed ring of magical power
 O - an uncursed ring of protection from cold
Scrolls
 e - 6 scrolls of teleportation
 r - 3 scrolls of remove curse
 v - a scroll of amnesia
 y - a scroll of blinking
 K - a scroll of fear
 N - a scroll of fog
 R - a scroll of identify
Potions
 i - a potion of lignification
 k - 2 potions of attraction
 p - a potion of brilliance {unknown}
 q - 5 potions of flight
 s - 6 potions of curing
 u - 5 potions of degeneration {unknown}
 w - a potion of magic {unknown}
 x - 2 potions of haste
 z - a potion of resistance {unknown}
 J - a potion of invisibility {unknown}
 Q - a potion of cancellation {unknown}
Miscellaneous
 M - a condenser vane
 P - a phial of floods


   Skills:
 + Level 10.0 Fighting
 + Level 9.6 Axes
 + Level 7.6 Throwing
 + Level 10.0 Armour
 - Level 3.6 Shields
 + Level 6.2 Invocations


You had 9 spell levels left.
You didn't know any spells.
Your spell library contained the following spells:

 Spells                   Type           Power        Failure   Level
 Animate Skeleton         Necr           0%           100%        1
 Apportation              Tloc           0%           100%        1
 Corona                   Hex            0%           100%        1
 Summon Small Mammal      Summ           0%           100%        1
 Lesser Beckoning         Tloc           0%           100%        3
 Tukima's Dance           Hex            0%           100%        3
 Alistair's Intoxication  Tmut/Pois      0%           100%        5
 Invisibility             Hex            0%           100%        6


Dungeon Overview and Level Annotations

Branches:
Dungeon (8/15)             Temple (1/1) D:5            Lair (1/6) D:8
Ossuary (visited)

Altars:
Ashenzari
Cheibriados
Dithmenos
Elyvilon
Gozag
Kikubaaqudgha
Makhleb
Nemelex Xobeh
Okawaru
Qazlal
Sif Muna
Trog
Uskayaw
Vehumet
Wu Jian
Xom
Yredelemnul
The Shining One

Shops:
D:8 :*

Annotations:
D:3 3 runed translucent doors, bogs101's ghost, amateur DEWz


Innate Abilities, Weirdness & Mutations

You reflexively headbutt those who attack you in melee.
You have a pair of horns on your head.


Message History

The eight-headed hydra bites you but does no damage. x2
The eight-headed hydra bites you.
* * * LOW HITPOINT WARNING * * *
The eight-headed hydra bites you but does no damage.
You block the eight-headed hydra's attack.
The eight-headed hydra bites you but does no damage.
The eight-headed hydra barely misses you.
The eight-headed hydra bites you but does no damage. x4
You barely miss the eight-headed hydra.
The eight-headed hydra is severely wounded.
The eight-headed hydra bites you.
* * * LOW HITPOINT WARNING * * *
The eight-headed hydra bites you but does no damage.
You block the eight-headed hydra's attack. x2
The eight-headed hydra bites you but does no damage.
The eight-headed hydra bites you!
* * * LOW HITPOINT WARNING * * *
The eight-headed hydra bites you but does no damage.
The eight-headed hydra bites you!
You die...

### ..#...## ###
#......###.. ... #..
....... ..... #.. #.....
..... #=D#.#...# ......
##..@.#.#.# ##.....
#....##...#####......
#.>..................
........................
........................
.......)................
........................
.....#..................
....##..................


You could see an eight-headed hydra (drained).

Vanquished Creatures
  A hydra (Lair:1)
  A two-headed ogre (D:8)
  A centaur warrior (D:8)
  A tengu warrior (D:8)
  2 cane toads (Lair:1)
  Maggie (D:8)
  A rime drake (Lair:1)
  A hornet (D:8)
  A soldier ant (D:8)
  A water moccasin (Lair:1)
  3 orc warriors
  An ice beast (D:6)
  A sky beast (D:8)
  An ogre (D:7)
  A necrophage (D:7)
  6 centaurs
  Blork the orc (D:4)
  3 bullfrogs
  2 scorpions (D:8)
  A wight (D:8)
  2 howler monkeys
  2 bullfrog zombies
  2 hounds (D:4)
  A centaur skeleton (D:5)
  4 jellies
  12 orc wizards
  An orc priest (D:4)
  A bullfrog skeleton (D:8)
  An iguana (D:6)
  Crazy Yiuf (D:4)
  9 worker ants
  A hound skeleton (D:8)
  8 mummies (Ossuary)
  16 gnolls
  9 adders
  A shadow imp (D:7)
  2 white imps
  An ooze (D:4)
  2 worms (D:2)
  A dart slug (D:1)
  4 leopard geckos
  20 orcs
  A ball python (D:2)
  8 bats
  5 giant cockroaches
  2 gnoll zombies (Ossuary)
  6 goblins
  8 hobgoblins
  8 jackals
  12 kobolds
  2 quokkas
  A frilled lizard (D:3)
  A hobgoblin zombie (Ossuary)
  2 kobold zombies (Ossuary)
  A leopard gecko skeleton (D:4)
  3 orc zombies (Ossuary)
  3 rats
195 creatures vanquished.

Vanquished Creatures (others)
  A sky beast (D:8)
  An orc wizard (D:7)
  An orc (D:8)
3 creatures vanquished.

Grand Total: 198 creatures vanquished

Notes
Turn   | Place    | Note
-------+----------+-------------------------------------------
     0 | D:1      | vykuza the Minotaur Fighter began the quest for the Orb.
     0 | D:1      | Reached XP level 1. HP: 19/19 MP: 0/0
   455 | D:1      | Reached XP level 2. HP: 27/27 MP: 1/1
   976 | D:1      | Reached XP level 3. HP: 32/33 MP: 2/2
  1299 | D:2      | Reached skill level 1 in Throwing
  1520 | D:2      | Reached XP level 4. HP: 41/41 MP: 3/3
  1850 | D:2      | Found a bloodstained altar of Trog.
  2606 | D:3      | Reached XP level 5. HP: 47/47 MP: 4/4
  2642 | D:3      | Found a runed translucent gate.
  2642 | D:3      | Noticed an ogre
  2642 | D:3      | Noticed a centaur
  2643 | D:3      | Found a runed translucent gate.
  2643 | D:3      | Found a runed translucent gate.
  2643 | D:3      | Found an opulent altar of Gozag.
  2643 | D:3      | Noticed bogs101's ghost (amateur DEWz)
  2974 | D:4      | Reached skill level 5 in Fighting
  2974 | D:4      | Reached skill level 5 in Armour
  2983 | D:4      | Found a shimmering altar of Xom.
  3138 | D:4      | Reached XP level 6. HP: 48/56 MP: 5/5
  3143 | D:4      | Found a sand-covered staircase.
  3152 | Ossuary  | Entered an ossuary
  3560 | D:4      | Reached skill level 5 in Axes
  3574 | D:4      | Reached XP level 7. HP: 53/62 MP: 6/6
  3653 | D:4      | Found a white marble altar of Elyvilon.
  3781 | D:4      | Noticed Blork the orc
  3790 | D:4      | Killed Blork the orc
  4293 | D:4      | Found a runed translucent door.
  4294 | D:4      | Noticed Crazy Yiuf
  4299 | D:4      | Killed Crazy Yiuf
  4347 | D:5      | Entered Level 5 of the Dungeon
  4745 | D:5      | Found a basalt altar of Yredelemnul.
  4750 | D:5      | Found a broken altar of Ashenzari.
  4797 | D:5      | Found a staircase to the Ecumenical Temple.
  5075 | Temple   | Entered the Ecumenical Temple
  5198 | Temple   | Became a worshipper of Warmaster Okawaru
  5287 | D:6      | Reached skill level 1 in Invocations
  5330 | D:6      | Reached XP level 8. HP: 71/71 MP: 7/7
  6141 | D:7      | Reached * piety under Okawaru
  6142 | D:7      | Reached skill level 5 in Throwing
  6567 | D:7      | Found a shimmering altar of Xom.
  6652 | D:7      | Found a sparkling altar of Nemelex Xobeh.
  6675 | D:7      | Reached XP level 9. HP: 70/80 MP: 10/10
  7009 | D:7      | Reached ** piety under Okawaru
  7182 | D:8      | Noticed a centaur warrior
  7188 | D:8      | Noticed a tengu warrior
  7191 | D:8      | Killed a centaur warrior
  7201 | D:8      | Reached *** piety under Okawaru
  7206 | D:8      | Killed a tengu warrior
  7221 | D:8      | Paralysed by a hornet for 3 turns
  7226 | D:8      | Reached XP level 10. HP: 13/90 MP: 12/12
  7244 | D:8      | HP: 4/90 [poisoned by a hornet]
  7251 | D:8      | HP: 4/90 [poisoned by a hornet]
  7259 | D:8      | HP: 4/90 [poisoned by a hornet]
  7418 | D:8      | Reached skill level 5 in Invocations
  7423 | D:8      | Got a polished crystal plate armour
  7424 | D:8      | Identified the cursed +0 crystal plate armour of the
                  | Shining Light {rPois rF+} (You found it on level 8 of the
                  | Dungeon)
  7570 | D:8      | Reached **** piety under Okawaru
  7688 | D:8      | Found Peinakh's Book Shoppe.
  7715 | D:8      | Noticed a two-headed ogre
  7728 | D:8      | Killed a two-headed ogre
  8010 | D:8      | Noticed Maggie
  8034 | D:8      | Killed Maggie
  8039 | D:8      | Reached ***** piety under Okawaru
  8646 | D:8      | Found a staircase to the Lair.
  8693 | D:8      | Found Pailybia's General Store.
  8696 | D:8      | Bought a scroll of identify for 26 gold pieces
  8732 | Lair:1   | Entered Level 1 of the Lair of Beasts
  8764 | Lair:1   | Noticed a cane toad
  8772 | Lair:1   | Killed a cane toad
  8780 | Lair:1   | Noticed a cane toad
  8787 | Lair:1   | Killed a cane toad
  8883 | Lair:1   | Noticed an eight-headed hydra
  8895 | Lair:1   | Killed an eight-headed hydra
  8929 | Lair:1   | Reached skill level 10 in Fighting
  8929 | Lair:1   | Reached skill level 10 in Armour
  9060 | Lair:1   | Noticed an eight-headed hydra
  9070 | Lair:1   | HP: 2/93 [eight-headed hydra (6)]
  9070 | Lair:1   | Mangled by an eight-headed hydra

Illustrated notes

Levels and vault maps discovered:
D:1:      zaba_arrival_water, layout_basic, kennysheep_pointless_box,
          roderic_roman_lattice, minmay_pentomino_s4
D:2:      layout_loops_ring, marbit_many_paths, serial_rivers,
          chequers_serial_rivers_micro_a, chequers_serial_rivers_large_b,
          chequers_serial_rivers_large_a, chequers_serial_rivers_micro_a,
          corexii_corridor_pit
D:3:      layout_loops_ring, ebering_ghost_gozag, grunt_ministairs_12
D:4:      layout_loops_ring, elyvilon_altar_5,
          lightli_ossuary_entry_decrepit_ruins, hangedman_decor_riveting,
          xom_teletrap_fun, uniq_blork_the_orc, uniq_crazy_yiuf_cottage
D:5:      layout_basic, amethyst_overflow_temple_binary,
          minmay_temple_entry_overgrown
D:6:      layout_rooms
D:7:      layout_rooms, nemelex_xobeh_ov_fountains_minmay, lemuel_centaur_altar
D:8:      minmay_cut_squares, layout_loops_cross, serial_shops,
          nicolae_shop_temple_entry_statues_fountains, nicolae_shop_trees,
          minmay_quadrilaterals, uniq_maggie
Temple:   regret_index_temple_sphere_string
Lair:1:   layout_cave_shapes

Skill      XL: |  1  2  3  4  5  6  7  8  9 10 |
---------------+-------------------------------+-----
Armour         | 4 5 6 7 8 10 | 10.0
Fighting       | 4 5 6 7 8 10 | 10.0
Axes           | 3 4 5 7 8 9 |  9.6
Throwing       | 1 2 3 4 5 6 7 |  7.6
Invocations    | 1 3 4 6 |  6.2
Shields        | |  3.6

Action                   |  1- 3 |  4- 6 |  7- 9 | 10-12 || total
-------------------------+-------+-------+-------+-------++-------
Melee: War axe           |    81 |   122 |    44 |       ||   247
       Headbutt          |     7 |    24 |    48 |    38 ||   117
       Battleaxe         |       |       |    16 |       ||    16
       Broad axe         |       |       |   131 |   106 ||   237
       Short sword       |       |       |       |    21 ||    21
  Use: Scroll            |     4 |     4 |     7 |     6 ||    21
       Potion            |       |       |     3 |     3 ||     6
 Stab: Sleeping          |       |       |     3 |       ||     3
Armor: Scale mail        |     5 |       |       |       ||     5
       Ring mail         |    34 |    40 |    80 |     6 ||   160
       Crystal plate arm |       |       |       |   136 ||   136
Dodge: Dodged            |    23 |    44 |    55 |    30 ||   152
Block: Kite shield       |    36 |   109 |   157 |   100 ||   402
       Reflection        |       |    17 |    19 |       ||    36
       Other             |       |       |     5 |       ||     5
